AoeStats
← |GaoeG| flamingo

Enclosed

503802655Analyzed
1v1 RM · 29d ago on Sep 2, 2026· 46m 20s· 2 players
Game mode
Random Map
Map size
Tiny (2 player)
Population
200
Speed
Normal
Resources
Standard
Victory
Conquest
Starting age
Dark Age
Ending age
Imperial Age
RankedLock teamsTeams togetherTeam positionsShared explorationLock speedFull tech treeHidden civsTurbo modeCheats
Victory
Defeat
🇪🇸 Mongols · Spain
1343
+16
🇩🇪 Spanish · Germany
1350
-16
|GaoeG| flamingo
6:26 Loom
8:39 Feudal Age
10:02 Double-Bit Axe
21:29 Castle Age
19:26 Town Watch
19:48 Gold Mining
22:26 Wheelbarrow
21:47 Fletching
22:03 Padded Archer Armor
22:19 Bloodlines
26:00 Bodkin Arrow
27:04 Husbandry
29:52 Gold Shaft Mining
29:31 Bow Saw
30:33 Leather Archer Armor
32:42 Horse Collar
34:03 Ballistics
35:02 Hand Cart
34:34 Town Watch
35:29 Heavy Plow
37:56 Thumb Ring
41:53 Imperial Age
41:35 Scale Barding Armor
40:58 Light Cavalry
43:03 Conscription
43:08 Hussar
43:51 Bracer
45:20 Chemistry
46:20 Elite Mangudai
ronham
7:25 Loom
11:43 Feudal Age
21:18 Castle Age
20:17 Double-Bit Axe
26:29 Wheelbarrow
26:37 Padded Archer Armor
27:26 Bow Saw
32:20 Leather Archer Armor
33:15 Bloodlines
33:06 Husbandry
36:51 Hand Cart
42:50 Imperial Age
41:54 Gold Mining
42:56 Town Watch
44:18 Ring Archer Armor
44:12 Conscription
Connection lost

Rejoining the realm…

Still unreachable

The connection could not be restored.

Session expired

The server has moved on; the page needs a fresh start.